cohdb
Replays
Latest Replays
All Replays
Popular Replays
Top Player Replays
Match Explorer
How It Works
Community
CoH3 Stats
Reddit
Sign in to upload your games and track your stats! →
Sign in with Steam
Match 43916750
Unlisted
Match 43916750
Overview
Messages
Build Orders
End
Kradschützen Motorcycle Team
Selects Italian Combined Arms Battlegroup
Selects Bersaglieri Squad
Bersaglieri Squad
Bersaglieri Squad
Panzerpioneer Squad
Selects Bersaglieri Bolster
Bersaglieri Squad
Construct Light Support Kompanie
Fire Support Elements
Flakvierling Half-track
Selects Breda Model 30 Light Machine Guns
Pak 38 Mechanized Group
Construct Panzerarmee Kommand
Emergency Repair Kits
Selects Semovente da 75/18 Assault Gun
Selects Carro Armato M13/40 Light Tank
Panzer III L Medium Tank
Selects Pact of Steel
Pak 38 Mechanized Group
Walking Stuka Rocket Launcher
Armored Reserves
Panzer IV Assault Group
Walking Stuka Rocket Launcher
MrGlaucus
Discoverer
yapster
BALCK_9
0
0
Comments
sign in to comment!
No comments posted yet!